 Dungeon Crawl Stone Soup version 0.23-a0-313-gf30bb39 (webtiles) character file.

92 HDogLeCool the Slasher (level 4, -2/33 HPs)
             Began as a Human Monk on Oct 12, 2018.
             Was a Believer of Hepliaklqana.
             Slain by a hippogriff (9 damage)
             ... on level 3 of the Dungeon.
             The game lasted 00:14:39 (3148 turns).

HDogLeCool the Slasher (Human Monk)                 Turns: 3148, Time: 00:14:40

Health: -2/33      AC:  3    Str: 12    XL:     4   Next: 90%
Magic:  4/4        EV: 13    Int: 11    God:    Hepliaklqana [**....]
Gold:   145        SH:  0    Dex: 15    Spells: 3/3 levels left

rFire    . . .     SeeInvis .   a - +0 falchion
rCold    . . .     Gourm    .   (no shield)
rNeg     . . .     Faith    +   o - +0 robe
rPois    .         Spirit   .   u - +0 helmet
rElec    .         Reflect  .   (no cloak)
rCorr    .         Harm     .   (no gloves)
MR       .....                  (no boots)
Stlth    ++........             l - amulet of faith
HPRegen  0.11/turn              (no ring)
MPRegen  0.09/turn              (no ring)

@: no status effects
A: reduced essence
a: Ancestor Life: Knight, Ancestor Life: Battlemage, Ancestor Life: Hexer,
Recall Ancestor, Ancestor Identity, Renounce Religion


You were on level 3 of the Dungeon.
You worshipped Hepliaklqana.
Hepliaklqana was pleased with you.
You were not hungry.

You visited 1 branch of the dungeon, and saw 4 of its levels.

You collected 145 gold pieces.

Inventory:

Hand Weapons
 a - a +0 falchion (weapon)
 q - a +0 blowgun
Missiles
 d - 117 stones (quivered)
 r - 11 poisoned needles
Armour
 b - a +0 robe
 o - a +0 robe (worn)
 u - a +0 helmet (worn)
Jewellery
 l - an amulet of faith (around neck)
 s - an uncursed ring of flight {unknown}
Scrolls
 e - 4 scrolls of remove curse
 f - a scroll of magic mapping {unknown}
 h - a scroll of enchant weapon {unknown}
 j - a scroll of identify {unknown}
 n - a scroll of immolation {unknown}
Potions
 g - a potion of lignification
 i - 2 potions of curing
 k - a potion of magic {unknown}
 m - a potion of cancellation {unknown}
 p - a potion of brilliance {unknown}
 t - a potion of degeneration {unknown}
 v - a potion of might {unknown}
 w - a potion of mutation {unknown}
 z - a potion of ambrosia {unknown}
Comestibles
 c - 5 rations


   Skills:
 + Level 3.7 Fighting
 * Level 4.1 Long Blades
 + Level 1.2 Armour
 - Level 3.2 Dodging
 - Level 2.0 Stealth


You had 3 spell levels left.
You didn't know any spells.
Your spell library was empty.

Dungeon Overview and Level Annotations

Branches:
Dungeon (4/15)
 Temple: D:4-7

Altars:
Hepliaklqana
Nemelex Xobeh


Message History

You hit the hippogriff.
The hippogriff is lightly wounded.
The hippogriff barely misses you. x2; The hippogriff claws you!
Tochtli hits the hippogriff.
Tochtli hits the hippogriff.
There is a stone staircase leading up here.
The hippogriff bites you. The hippogriff pecks you.
The hippogriff barely misses you.
Tochtli barely misses the hippogriff.
You climb upwards.
There is a stone staircase leading down here.
Okay, then.
The hippogriff closely misses you.
You riposte.
You barely miss the hippogriff.
The hippogriff is moderately wounded.
The hippogriff closely misses you. The hippogriff claws you.
All of the chunks of flesh in your inventory have rotted away.
You see here a club.
The hippogriff bites you!
* * * LOW HITPOINT WARNING * * *
The hippogriff pecks you!
You die...

#<####### #.....# #. #.#
#.##### #. #.# #.# #. #.# #.#
#. ####.## #.# #. ......# #.#
## ####..# #.# #
......##########.############
#
...............H@....)......#
#
......########.############.#
# .###..########.# #.# #
.###...........# #.# #
......########## #.#####
#.###.##### ########......
#.# #.#...# #.............
..###.....# #.############
#.....#...# #.#


You could see a hippogriff.

Vanquished Creatures
  2 adders (D:2)
  An ooze (D:1)
  A worm (D:2)
  3 dart slugs
  A leopard gecko (D:3)
  8 giant cockroaches
  6 goblins
  7 hobgoblins
  9 kobolds
  2 quokkas (D:2)
  3 bats (D:2)
  4 frilled lizards
  8 rats
55 creatures vanquished.

Vanquished Creatures (collateral kills)
  A worm (D:3)
  A kobold (D:3)
2 creatures vanquished.

Grand Total: 57 creatures vanquished

Notes
Turn   | Place    | Note
-------+----------+-------------------------------------------
     0 | D:1      | HDogLeCool the Human Monk began the quest for the Orb.
     0 | D:1      | Reached XP level 1. HP: 18/18 MP: 1/1
   222 | D:1      | Reached XP level 2. HP: 2/24 MP: 2/2
   828 | D:1      | Reached XP level 3. HP: 26/29 MP: 3/3
  1582 | D:2      | Reached XP level 4. HP: 23/35 MP: 4/4
  1845 | D:2      | Reached skill level 1 in Armour
  1978 | D:2      | Reached skill level 4 in Long Blades
  2275 | D:2      | Found a sparkling altar of Nemelex Xobeh.
  2462 | D:3      | Found a hazy altar of Hepliaklqana.
  2491 | D:3      | Became a worshipper of Hepliaklqana the Forgotten
  2491 | D:3      | Reached * piety under Hepliaklqana
  2491 | D:3      | Reached ** piety under Hepliaklqana
  2684 | D:3      | Upgraded the game from 0.23-a0-310-gdcc7a32 to
                  | 0.23-a0-313-gf30bb39
  3079 | D:4      | Noticed a hippogriff
  3148 | D:3      | Slain by a hippogriff

Vault maps used:
D:1:      erik_arrival_triangle_large, minmay_distorted
D:2:      nemelex_altar_shiori, st_stairs_10, minmay_pentomino_z2
D:3:      old_standard_altar
D:4:      gammafunk_ghost_stat_death, minmay_misc_feat_tower

Skill      XL: |  1  2  3  4 |
---------------+-------------+-----
Armour         | 1 |  1.2
Long Blades    | 4 |  4.1
Fighting       | |  3.7
Dodging        | |  3.2
Stealth        | |  2.0

Action                   |  1- 3 |  4- 6 || total
-------------------------+-------+-------++-------
Melee: Falchion          |    85 |    60 ||   145
Throw: Stone             |    11 |     7 ||    18
  Use: Potion            |     2 |       ||     2
       Scroll            |       |     1 ||     1
 Stab: Sleeping          |     6 |     4 ||    10
  Eat: Chunk             |     2 |     5 ||     7
Armor: Robe              |     9 |    10 ||    19
       Skin              |     8 |       ||     8
Dodge: Dodged            |    50 |    39 ||    89
       Rpst.: Falchion   |    16 |    17 ||    33

Table legend:
 A = Non-vault XP
 B = Vault XP
 C = Vault XP percentage of total XP
 D = Non-vault monster count
 E = Vault monster count
 F = Vault count percentage of total count
                 A         B        C        D         E       F
            +---------+---------+-------+---------+---------+-------
      Total |     112 |      20 |  15.2 |      51 |       6 |  10.5
            +---------+---------+-------+---------+---------+-------
        D:1 |      34 |       4 |  10.5 |      19 |       2 |   9.5
        D:2 |      52 |      16 |  23.5 |      20 |       4 |  16.7
        D:3 |      26 |       0 |   0.0 |      12 |       0 |   0.0
            +---------+---------+-------+---------+---------+-------
